 Dungeon Crawl Stone Soup version bcrawl-1.13.1 (webtiles) character file.

Game seed: 9835407776458446339

126 Revguard the Sneak (level 4, -2/32 HPs)
             Began as a Demonspawn Archaeologist on Aug 3, 2019.
             Slain by a leopard gecko (4 damage)
             ... on level 3 of the Dungeon.
             The game lasted 00:04:46 (1952 turns).

Revguard the Sneak (Demonspawn Archaeologist)       Turns: 1952, Time: 00:04:47

Health: -2/32      AC:  8    Str: 15 (17) XL:     4   Next: 83%
Magic:  4/4        EV: 11    Int: 15 (16) God:
Gold:   153        SH:  4    Dex: 10 (11) Spells: 3/3 levels left

rFire    + . .     SeeInvis .   k - +0 short sword
rCold    . . .     Gourm    .   (no shield)
rNeg     + . .     Faith    .   h - +0 ring mail
rPois    .         Spirit   .   c - +1 hat
rElec    .         Reflect  .   (no cloak)
rCorr    .         Harm     .   (no gloves)
MR       .....                  d - +1 pair of boots
Stlth    ++........             (no amulet)
HPRegen  0.10/turn              i - ring of flight
MPRegen  0.09/turn              l - ring of positive energy

@: mighty, studying Short Blades
A: large bone plates 1, fire resistance 1, spiny 1
a: Evoke Flight


You were on level 3 of the Dungeon.
You were not hungry.

You visited 1 branch of the dungeon, and saw 3 of its levels.

You collected 153 gold pieces.

Inventory:

Hand Weapons
 k - a +0 short sword (weapon)
 s - a -1 hand crossbow
Armour
 c - a +1 hat (worn)
 d - a +1 pair of boots (worn)
 h - a +0 ring mail (worn)
Jewellery
 i - a ring of flight (left hand)
 l - a ring of positive energy (right hand)
Scrolls
 b - 3 scrolls of identify
 j - a scroll of fog
 p - 2 scrolls of remove curse
 q - a scroll of blinking {unknown}
 r - a scroll of amnesia {unknown}
Books
 e - a manual of Short Blades
Miscellaneous
 f - an ancient crate
Comestibles
 g - 8 rations {!d}
 m - 2 chunks of flesh


   Skills:
 + Level 1.6 Fighting
 * Level 1.8 Short Blades
   Level 1.4 Maces & Flails
 * Level 1.9 Armour
 * Level 3.1 Dodging
 + Level 3.4 Stealth
 + Level 1.2 Evocations


You had 3 spell levels left.
You didn't know any spells.
Your spell library was empty.

Dungeon Overview and Level Annotations

Branches:
Dungeon (3/12)

Altars:
Vehumet


Innate Abilities, Weirdness & Mutations

You are partially covered in large bone plates. (SH +4)
Your flesh is heat resistant. (rF+)
You are partially covered in sharp spines.


Message History

You puncture the orc priest!
You kill the orc priest!
You feel your intelligence returning.
Your Short Blades skill increases to level 1!
The kobold throws a stone.
The stone hits you but does no damage.
Okay, then.
Press: ? - help, v - describe, . - travel, g - get item
Here: a leopard gecko (clinging)
A +0 trident.
There is something else lying underneath.
The floor, spattered with blood.
An orc comes into view. It is wielding a +0 club.
The leopard gecko barely misses you.
The kobold throws a stone.
The stone barely misses you.
The kobold throws a stone.
The stone hits you but does no damage. You block the leopard gecko's attack.
Your ring mail prevents you from hitting the leopard gecko.
The leopard gecko is struck by your spines.
The leopard gecko bites you.
You die...

....†..# ##.###.## ... . ## #.#
#..########..# .## #..
#.####>.......#...# ..# ...
#...###.......##... #.##.#
###.###.(.....# #..## #....#
####...........# #...###..#
.........).....#####......#
................@l..K..o..##
).......>.....>######......#####
................####.†#.#.†)...#
....#.............##.##...##...!.
##)##....########....###†.# #...
##.##...............## ##.# ..
##.............####..# #..# .
.#...###.##### ##.# #....
......##.# ^.. ...##.


You could see an orc, a leopard gecko and a kobold.

Vanquished Creatures
  An orc priest (D:3)
  An adder (D:2)
  2 oozes (D:2)
  3 worms (D:2)
  3 dart slugs
  4 leopard geckos
  3 orcs (D:3)
  4 bats (D:2)
  2 giant cockroaches (D:2)
  6 goblins
  9 hobgoblins
  A quokka (D:3)
  2 ball pythons (D:3)
  A frilled lizard (D:1)
  8 kobolds
  6 rats
56 creatures vanquished.

Notes
Turn   | Place    | Note
-------+----------+-------------------------------------------
     0 | D:1      | Revguard the Demonspawn Archaeologist began the quest for
                  | the Orb.
     0 | D:1      | Reached XP level 1. HP: 15/15 MP: 1/1
   328 | D:1      | Reached skill level 1 in Maces & Flails
   356 | D:1      | Gained mutation: You are partially covered in large bone
                  | plates. (SH +4) [demonic ancestry]
   356 | D:1      | Reached XP level 2. HP: 19/21 MP: 2/2
   463 | D:1      | Reached skill level 1 in Evocations
   908 | D:2      | Gained mutation: Your flesh is heat resistant. (rF+)
                  | [demonic ancestry]
   908 | D:2      | Reached XP level 3. HP: 22/26 MP: 3/3
   914 | D:2      | Reached skill level 1 in Armour
  1120 | D:2      | Found a radiant altar of Vehumet.
  1450 | D:2      | Gained mutation: You are partially covered in sharp spines.
                  | [demonic ancestry]
  1450 | D:2      | Reached XP level 4. HP: 32/32 MP: 4/4
  1939 | D:3      | HP: 1/32 [orc priest/nerve-wracking pain (6)]
  1941 | D:3      | Reached skill level 1 in Short Blades
  1952 | D:3      | Slain by a leopard gecko

Skill      XL: |  1  2  3  4 |
---------------+-------------+-----
Maces & Flails | 1 |  1.4
Evocations     | 1 |  1.2
Armour         | 1 |  1.9
Dodging        | 3 |  3.1
Short Blades   | 1 |  1.8
Fighting       | |  1.6
Stealth        | |  3.4

Action                   |  1- 3 |  4- 6 || total
-------------------------+-------+-------++-------
Melee: Whip              |   154 |       ||   154
       Short sword       |    26 |    35 ||    61
 Abil: Evoke Flight      |     2 |       ||     2
  Use: Potion            |     4 |     2 ||     6
       Scroll            |       |     5 ||     5
 Stab: Sleeping          |     2 |       ||     2
  Eat: Chunk             |     2 |     2 ||     4
Armor: Ring mail         |    50 |     9 ||    59
       Robe              |     2 |       ||     2
Dodge: Dodged            |    91 |    12 ||   103
Block: Other             |    21 |     5 ||    26
